 Dungeon Crawl Stone Soup version 0.25.1-2-g60ff931df9 (webtiles) character file.

Game seed: 15175023273235362913

31 H0rd4k the Charlatan (level 3, -8/26 HPs)
             Began as a Human Artificer on Sept 3, 2020.
             Mangled by a worm (11 damage)
             ... on level 2 of the Dungeon.
             The game lasted 00:00:59 (1704 turns).

H0rd4k the Charlatan (Human Artificer)              Turns: 1704, Time: 00:01:00

Health: -8/26      AC:  3    Str: 13    XL:     3   Next: 40%
Magic:  5/5        EV: 12    Int: 11    God:
Gold:   75         SH:  0    Dex: 13    Spells: 2/2 levels left

rFire    . . .     SeeInvis .   a - +0 short sword
rCold    . . .     Gourm    .   (no shield)
rNeg     . . .     Faith    .   b - +0 leather armour
rPois    .         Spirit   .   (no helmet)
rElec    .         Reflect  .   (no cloak)
rCorr    .         Harm     .   (no gloves)
MR       .....                  (no boots)
Stlth    +.........             n - amulet of the acrobat
HPRegen  0.08/turn              (no ring)
MPRegen  0.09/turn              (no ring)

@: no status effects
A: no striking features
a: no special abilities


You were on level 2 of the Dungeon.
You were not hungry.

You visited 1 branch of the dungeon, and saw 2 of its levels.

You collected 75 gold pieces.

Inventory:

Hand Weapons
 a - a +0 short sword (weapon)
Armour
 b - a +0 leather armour (worn)
Jewellery
 n - an amulet of the acrobat (around neck)
Wands
 c - a wand of flame (15)
 d - a wand of enslavement (15)
 e - a wand of random effects (15)
Scrolls
 h - 2 scrolls of fear {unknown}
 j - 5 scrolls of identify {unknown}
 l - 2 scrolls of enchant armour {unknown}
Potions
 g - a potion of stabbing {unknown}
 i - a potion of lignification {unknown}
 k - 3 potions of brilliance {unknown}
 m - a potion of curing {unknown}
 p - a potion of degeneration {unknown}
Comestibles
 f - 4 rations
 o - a chunk of flesh


   Skills:
 + Level 1.2 Fighting
 + Level 1.2 Short Blades
 + Level 0.7 Armour
 + Level 2.4 Dodging
 + Level 1.1 Stealth
 + Level 3.6 Evocations


You had 2 spell levels left.
You didn't know any spells.
Your spell library was empty.

Dungeon Overview and Level Annotations

Branches:
Dungeon (2/15)

Altars:
Hepliaklqana
Makhleb
Sif Muna
The Shining One


Message History

The worm is heavily wounded.
The worm closely misses you.
You hit the worm.
The worm is severely wounded.
The worm bites you.
You hit the worm.
The worm is severely wounded.
You hit the worm.
The worm is almost dead.
The worm bites you!
You hit the worm but do no damage.
The worm is severely wounded.
The worm bites you!
* * * LOW HITPOINT WARNING * * *
You hit the worm but do no damage.
The worm is severely wounded.
You hit the worm.
The worm is almost dead.
The worm bites you!
You die...

#####.......... +..........#
....#.########+# #..........#
....#.########.#####..........#
....#...............###########
....#.########......# ....#.#
##.......## ....#'###
##..##'##..##
........###..##≈.≈##..##
........##..##≈≈@≈≈##..##
÷###....#..##≈≈.w.≈≈##..# ÷#
#....#÷.##≈.....≈##..#
.###....#.##8_.._.._8##.#
..##....#.######8######.#
......###.# #.#####.#
#.######### #..##.# #.###..#
#..###.......... ##.##.#
#..##..###..##..#########
##.##.#
##..##..#..##.÷<.÷.....##


You could see a worm.

Vanquished Creatures
  A worm (D:2)
  A dart slug (D:2)
  A leopard gecko (D:2)
  3 bats (D:2)
  2 giant cockroaches
  A goblin (D:1)
  2 hobgoblins
  2 jackals (D:2)
  4 kobolds
  A quokka (D:2)
  A frilled lizard (D:2)
  5 rats
24 creatures vanquished.

Notes
Turn   | Place    | Note
-------+----------+-------------------------------------------
     0 | D:1      | H0rd4k the Human Artificer began the quest for the Orb.
     0 | D:1      | Reached XP level 1. HP: 15/15 MP: 3/3
    58 | D:1      | Found a shimmering blue altar of Sif Muna.
   425 | D:1      | Reached XP level 2. HP: 9/21 MP: 4/4
  1100 | D:2      | Reached XP level 3. HP: 25/26 MP: 5/5
  1693 | D:2      | Found a glowing golden altar of the Shining One.
  1693 | D:2      | Found a hazy altar of Hepliaklqana.
  1694 | D:2      | Found a burning altar of Makhleb.
  1704 | D:2      | Mangled by a worm

Illustrated notes

Levels and vault maps discovered:
D:1:      lemuel_arrival_river_ford, layout_loops_ring, kennysheep_flooded_box
D:2:      layout_basic, gammafunk_temple_overflow_claw,
          chequers_ecumenical_altar_lobes, first_ration

Action                   || total
-------------------------++-------
Melee: Short sword       ||   131
 Stab: Sleeping          ||     2
  Eat: Chunk             ||     3
Armor: Leather armour    ||    31
Dodge: Dodged            ||    81
